 Dungeon Crawl Stone Soup version 0.30.1-11-g7821555f0a (webtiles) character file.

Game seed: 1454503002742612150

21111 Firecrotchwizard the Grappler (level 12, -13/112 HPs)
             Began as a Ghoul Monk on Nov 4, 2023.
             Was an Elder of Makhleb.
             Mangled by a titanic slime creature (101 damage)
             ... on level 12 of the Dungeon.
             The game lasted 00:30:48 (11827 turns).

Firecrotchwizard the Grappler (Ghoul Monk)         Turns: 11827, Time: 00:30:49

Health: -13/112    AC: 15    Str: 25    XL:     12   Next: 86%
Magic:  28/28      EV:  8    Int:  5    God:    Makhleb [****..]
Gold:   1398       SH: 15    Dex: 11    Spells: 11/11 levels left

rFire   . .          .
                       - Unarmed
rCold   + . .        k - +5 kite shield of Submission {Rampage rCorr}
rNeg    + + +        I - +0 chain mail
rPois   ∞            A - +2 helmet
rElec   +            x - +0 cloak
rCorr   +            (no gloves)
SInv    +            v - +2 pair of boots
Will    .....        e - amulet of the acrobat Stlth
                     n - ring of see invisible
HPRegen 0.00/turn    u - ring "Naz Piez" {rElec rN+ MP+9 Str+5}
MPRegen 0.21/turn

%: acrobat, rampage
@: inhibited regen, studying Dodging
A: claws 1, cold resistance 1, negative energy resistance 3, inhibited
regeneration, torment resistance 2, devour on kill
a: Renounce Religion, Minor Destruction, Lesser Servant of Makhleb, Major
Destruction


You were on level 12 of the Dungeon.
You worshipped Makhleb.
Makhleb was greatly pleased with you.
You visited 2 branches of the dungeon, and saw 16 of its levels.

You collected 1486 gold pieces.
You spent 88 gold pieces at shops.

Inventory:

Missiles
 s - 7 javelins (quivered)
 F - 5 throwing nets {@!f}
 K - 7 silver javelins
Armour
 a - a +0 robe
 c - an orb of light
 k - the +5 kite shield of Submission (worn) {Rampage rCorr}
   (You acquired it on level 7 of the Dungeon)

   rCorr:     It protects you from acid and corrosion.
   Rampage:   It bestows one free step when moving towards enemies.
 p - a +0 helmet
 q - a +0 scale mail
 v - a +2 pair of boots (worn)
 x - a +0 cloak (worn)
 A - a +2 helmet (worn)
 I - a +0 chain mail (worn)
Jewellery
 e - an amulet of the acrobat (around neck)
 n - a ring of see invisible (left claw)
 u - the ring "Naz Piez" (right claw) {rElec rN+ MP+9 Str+5}
   (You found it on level 8 of the Dungeon)

   [ring of magical power]

   Str:       It affects your strength (+5).
   rElec:     It insulates you from electricity.
   rN:        It protects you from negative energy.
   MP:        It affects your magic capacity (+9).
 y - a ring of ice
Wands
 G - a wand of flame (20)
 J - a wand of acid (12)
 L - a wand of roots (5)
 N - a wand of polymorph (5)
Scrolls
 d - 2 scrolls of poison
 f - a scroll of fog
 g - 5 scrolls of blinking
 i - 2 scrolls of identify
 j - 3 scrolls of vulnerability
 w - 2 scrolls of enchant weapon
 M - 2 scrolls of immolation
 O - a scroll of magic mapping
 P - 3 scrolls of torment
Potions
 b - a potion of ambrosia
 h - 4 potions of cancellation
 l - 6 potions of attraction
 m - 5 potions of mutation
 o - 2 potions of heal wounds
 r - a potion of magic {unknown}
 z - 2 potions of lignification
 B - a potion of resistance {unknown}
 C - 10 potions of curing
 D - 2 potions of might
 E - a potion of haste {unknown}
 H - 2 potions of degeneration {unknown}


   Skills:
 + Level 12.2 Fighting
 - Level 2.6 Dodging
 + Level 9.0 Shields
 + Level 13.1 Unarmed Combat
 + Level 11.0 Invocations


You had 11 spell levels left.
You didn't know any spells.
Your spell library contained the following spells:

 Spells                   Type           Power      Damage    Failure   Level
 Kiss of Death            Conj/Necr      0%         2d5       99%         1
 Summon Small Mammal      Summ           0%         N/A       99%         1
 Blink                    Tloc           0%         N/A       100%        2
 Cigotuvi's Dreadful Rot  Necr/Pois/Air  0%         N/A       100%        2
 Lesser Beckoning         Tloc           0%         N/A       100%        2
 Momentum Strike          Conj/Tloc      0%         3d8       100%        2
 Call Canine Familiar     Summ           0%         N/A       100%        3
 Confusing Touch          Hex            0%         N/A       100%        3
 Gell's Gravitas          Tloc           0%         N/A       100%        3
 Hailstorm                Conj/Ice       0%         3d3       100%        3
 Ignite Poison            Fire/Tmut/Pois 0%         N/A       100%        3
 Summon Guardian Golem    Hex/Summ       0%         N/A       100%        3
 Teleport Other           Tloc           0%         N/A       100%        3
 Tukima's Dance           Hex            0%         N/A       100%        3
 Dispel Undead            Necr           0%         3d6       100%        4
 Passage of Golubria      Tloc           0%         N/A       100%        4
 Freezing Cloud           Conj/Ice/Air   0%         6-21      100%        5
 Yara's Violent Unravell  Hex/Tmut       0%         3d3       100%        5
 Dispersal                Tloc           0%         N/A       100%        6
 Simulacrum               Ice/Necr       0%         N/A       100%        6
 Ice Form                 Ice/Tmut       Unusable   N/A       N/A         4

Dungeon Overview and Level Annotations

Branches:
Dungeon (15/15)            Temple (1/1) D:4            Lair (0/5) D:11
    Orc (0/2) D:12
 Vaults: D:13-14     Depths: D:15

Altars:
Ashenzari
Cheibriados
Dithmenos
Fedhas
Gozag
Hepliaklqana
Kikubaaqudgha
Makhleb
Nemelex Xobeh
Okawaru
Qazlal
Ru
Sif Muna
Trog
Uskayaw
Vehumet
Wu Jian
Xom
Yredelemnul

Shops:
D:2 :   D:4 ![(

Portals:
Trove: D:14 (give 5 potions of resistance)

Annotations:
D:8 exclusion: orange crystal statue
D:10 2 transporters, cg1's ghost, novice MiFi


Innate Abilities, Weirdness & Mutations

You are immune to poison.
You have sharp fingernails.
Your flesh is cold resistant. (rC+)
You are immune to negative energy. (rN+++)
You do not regenerate when monsters are visible.
You are immune to unholy pain and torment.
You thrive by killing the living.


Message History

Where to? (Enter - D:12, ? - help)
You see here a +0 scale mail.
There is a stone staircase leading down, spattered with blood here.
You climb downwards.
There is a stone staircase leading up here.
You now have 1371 gold pieces (gained 8).
You now have 1387 gold pieces (gained 16).
You see here a staff of conjuration.
Found a stone staircase leading up.
M - 2 scrolls of immolation (gained 1)
i - 2 scrolls of identify (gained 1)
You open the door.
There is an open door here.
There is an open door here.
An acid dragon comes into view.
The acid dragon roars!
You rampage towards the acid dragon!
You rampage towards the acid dragon!
Found 3 javelins.
Found a stone staircase leading up.
You block the acid dragon's attack.
The acid dragon claws you but does no damage.
You claw the acid dragon!
The acid dragon is heavily wounded.
You block the acid dragon's attack. x2
You claw the acid dragon!
The acid dragon is almost dead.
You block the acid dragon's attack. x2
You mangle the acid dragon!!
You kill the acid dragon!
Makhleb accepts your kill.
No target in view!
s - 7 javelins (gained 3)
Found an escape hatch in the ceiling.
Found an escape hatch in the floor.
You now have 1398 gold pieces (gained 11).
You see here a +0 flail of draining.
G - a wand of flame (20) (gained 16 charges)
Things that are here:
a +0 shortbow; a +0 shortbow Done exploring.
(D) Dungeon (T) Temple (L) Lair (O) Orcish Mines
Where to? (Enter - D:13, ? - help)
What level of the Lair of Beasts? (default 1, ? - help)
There is a stone staircase leading up here.
You climb upwards.
There is a stone staircase leading down here.
Items here: ( )) [.
The slime creature quivers.
The slime creature quivers.
You see here a +0 club.
Two slime creatures merge to form a large slime creature.
You see here a +0 spear.
Items here: ( )) [.
Two slime creatures merge to form a large slime creature.
Two slime creatures merge to form a very large slime creature.
Aiming: Major Destruction (1% risk of failure)
Press: ? - help, Shift-Dir - straight line, f - very large slime creature
Aim: a very large slime creature The bolt of magma misses the very large slime creature.
The bolt of magma hits the large slime creature!!
The large slime creature is lightly wounded.
Aiming: Major Destruction (1% risk of failure)
Press: ? - help, Shift-Dir - straight line, f/p - very large slime creature
Aim: a very large slime creature The bolt of acid hits the very large slime creature!
The very large slime creature is lightly wounded.
The bolt of acid hits the large slime creature!!
The acid corrodes the large slime creature!
The large slime creature is moderately wounded.
Aiming: Major Destruction (1% risk of failure)
Press: ? - help, Shift-Dir - straight line, f/p - very large slime creature
Aim: a very large slime creature (lightly wounded)
The bolt of lightning hits the very large slime creature!
The very large slime creature is lightly wounded.
The bolt of lightning hits the large slime creature!!!
The large slime creature is severely wounded.
Aiming: Major Destruction (1% risk of failure)
Press: ? - help, Shift-Dir - straight line, f/p - very large slime creature
Aim: a very large slime creature (lightly wounded)
The bolt of acid hits the very large slime creature!!
The acid corrodes the very large slime creature!
The very large slime creature is moderately wounded.
The bolt of acid hits the large slime creature!!
The large slime creature seems to be corroded for longer.
The large slime creature is almost dead.
The very large slime creature barely misses you.
You barely miss the very large slime creature.
The very large slime creature is moderately wounded.
You block the very large slime creature's attack.
Two slime creatures merge to form a titanic slime creature.
You mangle the titanic slime creature!!
The titanic slime creature is heavily wounded.
Unknown command.
You mangle the titanic slime creature!!
The titanic slime creature is severely wounded.
You block the titanic slime creature's attack.
You completely miss the titanic slime creature.
The titanic slime creature is severely wounded.
The titanic slime creature hits you!!!!
Ouch! That really hurt!
You die...

.........# .........# ####
......JJ.# #.># .........#
##.## .........# ##..#
.........# #..##
.........###.##
##...........#############
÷)........).)[.J@>.......#
############)####.######.#
#####.####.# #.#
#..........# #.#
########..........# #.#
......##..........# #.#
....(.##..........#
#.########
......##.......)..#
#........#
......######.#..^.#
########.#


You could see a titanic slime creature (corroded).

Vanquished Creatures
  Harold (D:10)
  3 centaur warriors
  2 two-headed ogres (D:11)
  2 boulder beetles
  Urug (D:10)
  Nergalle (D:12)
  A deep elf pyromancer (D:13)
  A manticore (D:12)
  3 ugly things
  2 cyclopes (D:12)
  An efreet (D:13)
  2 trolls (D:13)
  A troll (shapeshifter) (D:14)
  3 slime creatures
  3 wyverns
  3 wraiths
  12 yaks
  A vampire (D:10)
  5 vampire mosquitoes
  A steam dragon (D:6)
  5 acid dragons
  6 water moccasins
  2 sky beasts
  2 orc warriors
  3 black bears
  3 ice beasts
  16 centaurs
  2 phantoms
  A kobold brigand (D:9)
  4 bullfrogs
  2 gnoll sergeants
  A scorpion (D:6)
  3 wights (D:8)
  6 killer bees
  11 howler monkeys
  7 crimson imps (D:7)
  A jelly (D:7)
  5 orc priests
  2 gnoll boudas
  2 hounds
  2 iguanas
  2 sleepcaps
  5 orc wizards
  19 gnolls
  8 adders
  A shadow imp (D:7)
  2 white imps
  2 ufetubi
  An adder skeleton (D:2)
  4 worms
  A dart slug (D:5)
  32 orcs
  A bat skeleton (D:2)
  5 endoplasms
  2 giant cockroaches
  8 goblins
  6 hobgoblins
  3 jackals (D:3)
  10 kobolds
  4 quokkas
  9 ball pythons
  A bat (D:2)
  4 frilled lizards
  A jackal zombie (D:2)
  5 rats
  A spectral orc (D:4)
272 creatures vanquished.

Vanquished Creatures (collateral kills)
  Frances (D:14)
  2 slime creatures (D:13)
  A vampire mosquito (D:13)
  2 acid dragons
  A centaur (D:14)
  3 killer bees (D:9)
  2 gnolls (D:9)
  2 kobolds (D:9)
14 creatures vanquished.

Grand Total: 286 creatures vanquished

Notes
Turn   | Place    | Note
-------+----------+-------------------------------------------
     0 | D:1      | Firecrotchwizard the Ghoul Monk began the quest for the
                  | Orb.
     0 | D:1      | Reached XP level 1. HP: 19/19 MP: 0/0
   384 | D:1      | Reached XP level 2. HP: 26/26 MP: 1/1
   640 | D:2      | Reached skill level 4 in Unarmed Combat
   643 | D:2      | Reached XP level 3. HP: 33/33 MP: 2/2
   821 | D:2      | Found Bizuatig's Book Shop.
  1039 | D:2      | Found a faded altar of an unknown god.
  1082 | D:2      | Reached XP level 4. HP: 36/40 MP: 3/3
  1344 | D:3      | Reached skill level 5 in Unarmed Combat
  1537 | D:3      | Reached XP level 5. HP: 41/47 MP: 4/4
  1895 | D:4      | Reached skill level 6 in Unarmed Combat
  1928 | D:4      | Reached XP level 6. HP: 48/55 MP: 5/5
  1937 | D:4      | Reached skill level 5 in Fighting
  1970 | D:4      | Found a basalt altar of Yredelemnul.
  1994 | D:4      | Identified the +3 short sword of Mandamus {pain, rN+ SInv}
  2125 | D:4      | Found Unneish's Distillery.
  2125 | D:4      | Found Olareobeki's Antique Armour Emporium.
  2126 | D:4      | Found Depreont's Antique Weapon Shoppe.
  2130 | D:4      | Bought a potion of heal wounds for 55 gold pieces
  2130 | D:4      | Bought a potion of curing for 33 gold pieces
  2365 | D:4      | Found a staircase to the Ecumenical Temple.
  2387 | Temple   | Entered the Ecumenical Temple
  2419 | Temple   | Became a worshipper of Makhleb the Destroyer
  2419 | Temple   | Reached * piety under Makhleb
  2419 | Temple   | Reached ** piety under Makhleb
  2697 | D:5      | Entered Level 5 of the Dungeon
  2706 | D:5      | Noticed a water moccasin
  2712 | D:5      | Killed a water moccasin
  2713 | D:5      | Reached skill level 1 in Invocations
  2750 | D:5      | Reached skill level 7 in Unarmed Combat
  2750 | D:5      | Reached XP level 7. HP: 56/61 MP: 5/7
  3135 | D:5      | Found a shadowy altar of Dithmenos.
  3267 | D:6      | Reached skill level 8 in Unarmed Combat
  3294 | D:6      | Reached XP level 8. HP: 65/70 MP: 9/9
  3797 | D:6      | Reached skill level 9 in Unarmed Combat
  4086 | D:6      | Reached XP level 9. HP: 54/79 MP: 11/11
  4470 | D:7      | Identified 4 scrolls of acquirement
  4470 | D:7      | Acquired an amulet of the acrobat
  4477 | D:7      | Acquired the +5 kite shield of Submission {Rampage rCorr}
  4493 | D:7      | Reached *** piety under Makhleb
  4502 | D:7      | Reached skill level 1 in Shields
  4502 | D:7      | Reached skill level 5 in Invocations
  4682 | D:7      | Found a sparkling altar of Nemelex Xobeh.
  4682 | D:7      | Found a broken altar of Ashenzari.
  4729 | D:7      | Acquired a manual of Dodging
  4731 | D:7      | Acquired 389 gold pieces
  5327 | D:8      | Identified the ring "Naz Piez" {rElec rN+ MP+9 Str+5}
  5456 | D:8      | Reached **** piety under Makhleb
  5458 | D:8      | Reached XP level 10. HP: 90/90 MP: 13/13
  5537 | D:8      | Found a shimmering altar of Xom.
  5657 | D:8      | Reached skill level 5 in Shields
  5657 | D:8      | Reached skill level 10 in Unarmed Combat
  5718 | D:8      | Noticed an orange crystal statue
  6329 | D:9      | Found a sacrificial altar of Ru.
  6577 | D:9      | Found a hazy altar of Hepliaklqana.
  6888 | D:9      | Found a blossoming altar of Fedhas.
  7339 | D:10     | Entered Level 10 of the Dungeon
  7339 | D:10     | Noticed a manticore
  7351 | D:10     | Noticed a moth of wrath
  7417 | D:10     | Noticed cg1's ghost (novice MiFi)
  7446 | D:10     | Found a transporter.
  7478 | D:10     | Found a transporter.
  7682 | D:10     | Noticed Harold
  7697 | D:10     | Killed Harold
  7806 | D:10     | Noticed Urug
  7820 | D:10     | Killed Urug
  7821 | D:10     | Reached skill level 11 in Unarmed Combat
  7821 | D:10     | Reached XP level 11. HP: 79/99 MP: 16/16
  8290 | D:11     | Reached skill level 10 in Fighting
  8295 | D:11     | Noticed a two-headed ogre
  8306 | D:11     | Killed a two-headed ogre
  8310 | D:11     | Found a staircase to the Lair.
  8359 | D:11     | Noticed a two-headed ogre
  8368 | D:11     | Killed a two-headed ogre
  9278 | D:12     | Noticed a cyclops
  9292 | D:12     | Killed a cyclops
  9455 | D:12     | Noticed a brown ugly thing
  9461 | D:12     | Killed a brown ugly thing
  9465 | D:12     | You fall into a shaft and drop 3 floors!
  9465 | D:15     | Entered Level 15 of the Dungeon
  9498 | D:14     | Noticed Frances
  9508 | D:14     | Killed Frances
  9574 | D:14     | Noticed a centaur warrior
  9579 | D:14     | Noticed a centaur warrior
  9588 | D:14     | Killed a centaur warrior
  9595 | D:14     | Killed a centaur warrior
  9596 | D:14     | Reached skill level 12 in Unarmed Combat
  9658 | D:14     | Found a portal to a secret trove of treasure.
  9727 | D:13     | Noticed a centaur warrior
  9743 | D:13     | Killed a centaur warrior
  9744 | D:13     | Reached XP level 12. HP: 72/110 MP: 18/18
  9901 | D:13     | Reached skill level 10 in Invocations
 10143 | D:13     | Noticed a boulder beetle
 10159 | D:13     | Killed a boulder beetle
 10587 | D:12     | Noticed a boulder beetle
 10629 | D:12     | Killed a boulder beetle
 10906 | D:12     | Found a staircase to the Orcish Mines.
 11273 | D:12     | Reached skill level 13 in Unarmed Combat
 11349 | D:12     | Noticed Nergalle
 11357 | D:12     | Killed Nergalle
 11827 | D:12     | Mangled by a titanic slime creature

Illustrated notes

Levels and vault maps discovered:
D:1:      lightli_arrival_lavapool, layout_loops_cross
D:2:      layout_basic, serial_undead, serial_undead_b, serial_undead_c,
          serial_undead_b, serial_undead_f, serial_undead_f, serial_undead_d,
          shapermc_ecumenical_altar_pompeii, serial_shops, shop
D:3:      layout_rooms
D:4:      layout_gridville, yredelemnul_forgotten_temple_becter,
          minmay_temple_entry_offerings, nicolae_wooded_promenade
D:5:      layout_basic, grunt_dithmenos_smoke
D:6:      layout_basic, kennysheep_little_box
D:7:      layout_rooms, jmf_multi_god_temple, minmay_nine_imps
D:8:      layout_gridville, lemuel_crystal_altar, disabler_island
D:9:      layout_irregular_city, mainiacjoe_overflow_tiny_flanked,
          mainiacjoe_overflow_cross_hatched, mainiacjoe_overflow_24_doors,
          lemuel_crystal_altar
D:10:     layout_long_grid, gammafunk_ghost_berserking_beasts,
          minmay_tree_intersection, chequers_arboretum, kennysheep_minor_cross,
          uniq_harold, uniq_urug
D:11:     layout_grid_maze, grunt_lair_entry_orc_guard_hut
D:12:     layout_basic, orc_0_dummy, uniq_nergalle
D:13:     layout_cave_pools, kennysheep_generic_room_11
D:14:     layout_cave_pools, david_vaults_2, enter_trove_1,
          minmay_misc_feat_enclosed, uniq_lodul, uniq_frances
D:15:     hangedman_depths_entry_civil_slaughter, layout_basic,
          minmay_misc_feat_rows, wad_floor_pattern_untrapped,
          small_statue_intersection, minmay_hollow_rounded_squares, uniq_rupert,
          uniq_azrael
Temple:   nicolae_temple_godzebo

Skill      XL: |  1  2  3  4  5  6  7  8  9 10 11 12 |
---------------+-------------------------------------+-----
Unarmed Combat | 4 5 6 7 8 9 11 12 13 | 13.1
Fighting       | 4 5 6 7 8 9 11 12 | 12.2
Invocations    | 1 3 4 6 8 9 11 | 11.0
Shields        | 4 6 7 9 |  9.0
Dodging        | |  2.6

Action                     |  1- 3 |  4- 6 |  7- 9 | 10-12 || total
---------------------------+-------+-------+-------+-------++-------
  Melee: Unarmed           |    89 |   168 |   294 |   526 ||  1077
         Punch             |       |       |     1 |       ||     1
 Invoke: Minor Destruction |       |       |     2 |     9 ||    11
         Lesser Servant of |       |       |       |    11 ||    11
         Major Destruction |       |       |       |     7 ||     7
  Evoke: Wand              |       |       |       |     2 ||     2
    Use: Scroll            |       |       |    19 |     4 ||    23
         Potion            |       |       |     2 |     4 ||     6
   Stab: Distracted        |       |       |       |     4 ||     4
 Armour: Scale mail        |    22 |    94 |   169 |       ||   285
         Robe              |     2 |       |       |       ||     2
         Chain mail        |       |       |    38 |   235 ||   273
  Dodge: Dodged            |    45 |    72 |   132 |   172 ||   421
  Block: Kite shield       |       |       |   171 |   434 ||   605
